 Dungeon Crawl Stone Soup version 0.28.0 (webtiles) character file.

Game seed: 5108911457521313394

30 shoop the Chucker (level 3, -8/37 HPs)
             Began as an Ogre Hunter on Feb 13, 2022.
             Mangled by Sigmund (10 damage)
             ... on level 2 of the Dungeon.
             The game lasted 00:02:31 (1169 turns).

shoop the Chucker (Ogre Hunter)                     Turns: 1169, Time: 00:02:32

Health: -8/37      AC:  3    Str: 18    XL:     3   Next: 18%
Magic:  3/3        EV: 10    Int: 18    God:
Gold:   54         SH:  0    Dex:  9    Spells: 2/2 levels left

rFire   . . .      SeeInvis .   k - +0 mace
rCold   . . .      Faith    .   (no shield)
rNeg    . . .      Spirit   .   b - +0 robe
rPois   .          Reflect  .   (helmet restricted)
rElec   +          Harm     .   (no cloak)
rCorr   .          Rampage  .   (gloves unavailable)
Will    .....                   (boots unavailable)
Stlth   +.........              (no amulet)
HPRegen 0.12/turn               m - +6 ring of intelligence
MPRegen 0.08/turn               (no ring)

@: confused, brilliant
A: large, unfitting armour, tough skin 1, talons 1, electricity resistance
a: no special abilities


You were on level 2 of the Dungeon.
You visited 1 branch of the dungeon, and saw 2 of its levels.

You collected 54 gold pieces.

Inventory:

Hand Weapons
 a - a +0 short sword
 k - a +0 mace (weapon)
Missiles
 c - 3 large rocks
 e - 9 stones (quivered)
Armour
 b - a +0 robe (worn)
Jewellery
 m - a +6 ring of intelligence (left hand)
Wands
 n - a wand of iceblast (8)
Scrolls
 f - a scroll of noise {unknown}
 g - a scroll of vulnerability {unknown}
 i - a scroll of teleportation {unknown}
 l - a scroll of immolation {unknown}


   Skills:
 + Level 3.5 Fighting
 + Level 0.2 Maces & Flails
 + Level 4.3 Throwing
 - Level 2.0 Dodging
 - Level 1.0 Stealth
 + Level 0.0 Evocations


You had 2 spell levels left.
You didn't know any spells.
Your spell library was empty.

Dungeon Overview and Level Annotations

Branches:
Dungeon (2/15)

Altars:

Annotations:
D:2 Sigmund


Innate Abilities, Weirdness & Mutations

You are too large for most types of armour.
You have tough skin. (AC +1)
You have sharp toenails.
You are resistant to electric shocks. (rElec)


Message History

Sigmund drinks a potion.
Sigmund suddenly seems more resistant.
Throw: throwing net
Press: ? - help, Shift-Dir - straight line, f/p - Sigmund
Aim: Sigmund, wielding a +0 scythe and wearing a +0 robe (unusually resistant, 53% to hit)
You throw a throwing net.
The throwing net closely misses Sigmund.
Throw: 5 large rocks
Press: ? - help, Shift-Dir - straight line, f/p - Sigmund
Aim: Sigmund, wielding a +0 scythe and wearing a +0 robe (unusually resistant, 53% to hit)
You throw a large rock. The large rock barely misses Sigmund.
Sigmund mumbles some strange words.
Sigmund flickers and vanishes!
Deactivating autopickup; reactivate with Ctrl-A.
Something hits you. Something hits you but does no damage.
You are confused.
You bump into the rock wall.
You bump into the rock wall.
You bump into the rock wall.
Something hits you!
It was a potion of mutation.
You feel extremely strange.
Your toenails lengthen and sharpen.
You feel insulated. Something hits you!
It was a potion of brilliance.
You feel clever all of a sudden.
You feel less confused.
A magic dart appears from out of thin air!
The magic dart hits you.
Throw: 4 large rocks
Press: ? - help, Shift-Dir - straight line You throw a large rock.
You hear some strange, mumbled words.
You are confused.
You bump into the rock wall.
Something hits you.
* * * LOW HITPOINT WARNING * * *
Something hits you.
* * * LOW HITPOINT WARNING * * *
You barely miss something. Your kick misses something. Something hits you.
* * * LOW HITPOINT WARNING * * *
You barely miss something. Something hits you!
You die...

#........# #.. ..
########### ### ##.# .....#
.(. ####.# #.##### #.#
###.....### #.# #(.)......#
##'### #.#####.#.# ###
#....# #{# .... #..†.# #@#
... #....# #.#########.#
##'### #...).......##+#
#.##################........
#....##...........##.####...
###....##.######.......#
#......##'#### #....####
#.##..>#.....# #....#
#......'.....# ######


There were no monsters in sight!

Vanquished Creatures
  A gnoll (D:1)
  2 bats
  An endoplasm (D:1)
  2 giant cockroaches
  2 goblins (D:1)
  2 hobgoblins
  2 kobolds
  A quokka (D:1)
  2 ball pythons (D:2)
  3 rats (D:1)
18 creatures vanquished.

Notes
Turn   | Place    | Note
-------+----------+-------------------------------------------
     0 | D:1      | shoop the Ogre Hunter began the quest for the Orb.
     0 | D:1      | Reached XP level 1. HP: 22/22 MP: 1/1
     6 | D:1      | Noticed a hound
     6 | D:1      | Noticed a killer bee
     6 | D:1      | Noticed a rime drake
     7 | D:1      | Noticed a black mamba
     7 | D:1      | Noticed a black bear
   212 | D:1      | Reached skill level 1 in Stealth
   212 | D:1      | Reached XP level 2. HP: 13/31 MP: 2/2
   846 | D:2      | Reached XP level 3. HP: 35/37 MP: 3/3
  1151 | D:2      | Noticed Sigmund
  1162 | D:2      | Gained mutation: You have sharp toenails. [potion of
                  | mutation]
  1162 | D:2      | Gained mutation: You are resistant to electric shocks.
                  | (rElec) [potion of mutation]
  1168 | D:2      | HP: 1/37 [something (1)]
  1169 | D:2      | Mangled by Sigmund

Illustrated notes

Levels and vault maps discovered:
D:1:      onia_arrival_zoo_common, layout_rooms, hangedman_decor_points,
          hex_medium
D:2:      layout_basic, minmay_pentomino_t4, uniq_sigmund,
          uniq_crazy_yiuf_cottage

Skill      XL: |  1 |
---------------+----+-----
Fighting       | 3 |  3.5
Dodging        | 2 |  2.0
Stealth        | 1 |  1.0
Maces & Flails | |  0.2
Throwing       | |  4.3

Action                   || total
-------------------------++-------
Melee: Short sword       ||    39
       Mace              ||    22
       Punch             ||     1
Throw: Stone             ||    15
       Large rock        ||     2
       Throwing net      ||     2
  Use: Potion            ||     2
 Stab: Sleeping          ||     1
Armor: Robe              ||    17
Dodge: Dodged            ||    35
